AoeStats
← bibimiraglia

Arabia

508097164Analyzed
1v1 RM · 12d ago on Sep 20, 2026· 50m 12s· 2 players
Game mode
Random Map
Map size
Tiny (2 player)
Population
200
Speed
Normal
Resources
Standard
Victory
Conquest
Starting age
Dark Age
Ending age
Imperial Age
RankedLock teamsTeams togetherTeam positionsShared explorationLock speedFull tech treeHidden civsTurbo modeCheats
Victory
Defeat
🇺🇸 Burgundians · United States
695
+18
🇺🇸 Japanese · United States
741
-18
bibimiraglia
6:28 Loom
10:43 Feudal Age
9:23 Double-Bit Axe
10:36 Horse Collar
21:15 Castle Age
19:34 Scale Barding Armor
20:30 Gold Mining
22:14 Padded Archer Armor
22:05 Fletching
24:48 Forging
28:26 Cavalier
30:19 Elite Skirmisher
31:56 Bow Saw
33:15 Heavy Plow
34:48 Chain Barding Armor
35:34 Leather Archer Armor
35:16 Bodkin Arrow
41:30 Iron Casting
45:28 Imperial Age
47:48 Chemistry
47:26 Plate Barding Armor
46:52 Bracer
47:48 Devotion
48:12 Sanctity
48:31 Conscription
48:19 Burgundian Vineyards
Cient
6:49 Loom
10:25 Feudal Age
11:09 Double-Bit Axe
10:48 Man-at-Arms
13:50 Arson
24:00 Castle Age
24:25 Pikeman
26:09 Squires
25:55 Gambesons
27:51 Stone Mining
28:35 Scale Mail Armor
28:46 Gold Mining
28:36 Long Swordsman
29:30 Horse Collar
34:57 Chain Mail Armor
34:51 Heavy Plow
35:32 Gold Shaft Mining
40:54 Forging
44:02 Imperial Age
42:00 Thumb Ring
42:34 Murder Holes
44:31 Yasama
45:09 Iron Casting
44:14 Elite Samurai
48:14 Wheelbarrow
47:28 Town Watch
48:10 Town Patrol
48:47 Bow Saw
49:18 Conscription
50:21 Wheelbarrow
Connection lost

Rejoining the realm…

Still unreachable

The connection could not be restored.

Session expired

The server has moved on; the page needs a fresh start.